 Dungeon Crawl Stone Soup version 0.17.1-3-g152610e (webtiles) character file.

28 jacquesderrida the Caller (level 3, 5/24 HPs)
             Began as a Demonspawn Summoner on Apr 24, 2016.
             Quit the game on level 2 of the Dungeon.
             The game lasted 00:03:52 (720 turns).

jacquesderrida the Caller (Demonspawn Summoner)      Turns: 720, Time: 00:03:52

Health: 5/24       AC:  2    Str:  8    XL:     3   Next: 0%
Magic:  2/6        EV: 12    Int: 17    God:
Gold:   40         SH:  0    Dex: 13    Spells: 2 memorised, 3 levels left

rFire  . . .     SeeInvis .     f - +0 dagger (speed)
rCold  . . .     Clarity  .     a - +0 robe
rNeg   . . .     SustAt   .     (no shield)
rPois  .         Gourm    .     (no helmet)
rElec  .         Spirit   .     (no cloak)
rCorr  .         Warding  .     (no gloves)
rMut   .         Stasis   .     (no boots)
MR     .....                    (no amulet)
Stlth  ++........               (no ring)
                                l - ring of flight

@: very slightly contaminated, not resistant to hostile enchantments, unstealthy
A: talons 2
a: Evoke Flight


You were on level 2 of the Dungeon.
You were not hungry.

You visited 1 branch of the dungeon, and saw 2 of its levels.

You collected 40 gold pieces.

Inventory:

Hand Weapons
 f - a +0 dagger of speed (weapon)
 h - a +0 whip
Missiles
 j - 3 tomahawks (quivered)
Armour
 a - a +0 robe (worn)
Jewellery
 l - a ring of flight (left hand)
 q - an uncursed ring of fire
Scrolls
 d - 2 scrolls of fog {unknown}
 g - 2 scrolls of remove curse {unknown}
 o - a scroll of immolation {unknown}
Potions
 e - a potion of flight {unknown}
 k - a potion of agility {unknown}
 n - 3 potions of cancellation {unknown}
 r - a potion of lignification {unknown}
Books
 b - a book of Callings

   Spells                             Type                      Level
   a - Summon Small Mammal            Summoning                    1
   b - Call Imp                       Summoning                    2
   c - Call Canine Familiar           Summoning                    3
   d - Summon Guardian Golem          Hexes/Summoning              3
   e - Summon Lightning Spire         Summoning/Air                4
   f - Summon Ice Beast               Ice/Summoning                4
Comestibles
 c - a bread ration
 i - a fruit
 m - a slice of pizza
 p - a beef jerky


   Skills:
 - Level 1.7 Dodging
 - Level 1.7 Stealth
 - Level 2.0 Spellcasting
 + Level 5.0 Summonings


You had 3 spell levels left.
You knew the following spells:

 Your Spells              Type           Power        Failure   Level  Hunger
a - Summon Small Mammal   Summ           ###.         2%          1    #......
b - Call Imp              Summ           ###.....     3%          2    ###....


Dungeon Overview and Level Annotations

Branches:
Dungeon (2/15)

Altars:


Innate Abilities, Weirdness & Mutations

You have razor-sharp toenails.


Message History

r - Retreat! s - Stop attacking. w - Wait here. f - Follow me.
Anything else - Stay silent.
Gang up on whom?
Press: ? - help, Dir - move target cursor, f - worm
Aim: a worm Attack!
Your white imp hits the worm.
Your white imp freezes the worm.
The worm closely misses your white imp.
Your white imp hits the worm.
Your white imp freezes the worm.
Your white imp gestures at the worm.
The puff of frost hits the worm.
The worm dies!
Your Summonings skill increases to level 5!
You have reached level 3!
Your experience leads to an increase in your attributes!
Increase (S)trength, (I)ntelligence, or (D)exterity?
You feel clever.
Your demonic ancestry asserts itself...
Your toenails lengthen and sharpen.
Are you sure you want to abandon this character and quit the game? (Confirm with "yes".)

... #.. #.# ... #.#
#.# #.# #@# #######
# #.# .....####.# ##
#.# ..#...... #.
#.########....#
##.#+#....†.....<..+
#.....5..######....#
#.....<..# #....####
####....(.).#
#........
............#
#...††...


You could see a friendly white imp.

Vanquished Creatures
  A bat (D:1)
  A kobold (D:1)
  2 rats
4 creatures vanquished.

Vanquished Creatures (collateral kills)
  An ooze (D:1)
  A worm (D:2)
  3 giant geckos (D:1)
  A giant cockroach (D:2)
  2 goblins (D:1)
  2 jackals (D:2)
  7 kobolds
  7 bats
  A giant newt (D:1)
  A quokka (D:2)
  4 rats (D:1)
30 creatures vanquished.

Grand Total: 34 creatures vanquished

Notes
Turn   | Place    | Note
--------------------------------------------------------------
     0 | D:1      | jacquesderrida the Demonspawn Summoner began the quest for the Orb.
     0 | D:1      | Reached XP level 1. HP: 13/13 MP: 3/3
   274 | D:1      | Gained mutation: You have sharp toenails. [demonic ancestry]
   274 | D:1      | Reached XP level 2. HP: 7/19 MP: 0/5
   504 | D:1      | Learned a level 2 spell: Call Imp
   719 | D:2      | Reached skill level 5 in Summonings
   719 | D:2      | Gained mutation: You have razor-sharp toenails. [demonic ancestry]
   719 | D:2      | Reached XP level 3. HP: 5/24 MP: 2/6
   720 | D:2      | Quit the game

Action                   || total
-------------------------++-------
Melee: Whip              ||     9
       Unarmed           ||     5
       Dagger            ||    17
 Cast: Summon Small Mamm ||    29
       Call Imp          ||     7
